AoeStats
← FrankieFunk

Pilgrims

508238205Analyzed
4v4 RM · 11d ago on Sep 21, 2026· 73m 7s· 8 players
Game mode
Random Map
Map size
Large (8 player)
Population
200
Speed
Normal
Resources
Standard
Victory
Conquest
Starting age
Dark Age
Ending age
Imperial Age
RankedLock teamsTeams togetherTeam positionsShared explorationLock speedFull tech treeHidden civsTurbo modeCheats
Victory
Defeat
🇪🇸 Bulgarians · Spain
796
+13
🇻🇳 Berbers · Vietnam
794
+13
🇮🇳 Magyars · India
778
+14
🇩🇪 Teutons · Germany
749
+15
🇪🇸 Byzantines · Spain
890
-61
🇷🇴 Goths · Romania
851
-19
🇳🇱 Koreans · Netherlands
582
-8
🇪🇸 Byzantines · Spain
575
-8
marin.nikolaev9
13:30 Loom
19:35 Feudal Age
20:36 Double-Bit Axe
22:50 Wheelbarrow
27:31 Castle Age
26:01 Horse Collar
26:51 Gold Mining
28:28 Hand Cart
28:23 Town Watch
28:56 Stone Mining
29:22 Town Patrol
36:22 Bow Saw
40:03 Gold Shaft Mining
40:05 Stone Shaft Mining
39:38 Heavy Plow
43:09 Imperial Age
41:29 Stirrups
42:55 Hand Cart
43:27 Squires
42:49 Pikeman
43:17 Arson
43:19 Gambesons
43:37 Scale Mail Armor
43:48 Forging
43:45 Scale Barding Armor
44:02 Ballistics
44:10 Halberdier
48:15 Conscription
47:59 Bagains
52:32 Bloodlines
52:25 Husbandry
51:47 Light Cavalry
53:06 Iron Casting
52:48 Chain Mail Armor
54:47 Elite Konnik
55:53 Chain Barding Armor
56:34 Blast Furnace
55:31 Capped Ram
56:31 Siege Ram
56:38 Hussar
57:55 Plate Mail Armor
58:13 Plate Barding Armor
68:38 Caravan
69:08 Coinage
erhan.kamci
6:40 Loom
13:08 Feudal Age
19:14 Castle Age
18:25 Fishing Lines
20:58 Stone Mining
22:37 Bloodlines
22:20 Arson
22:36 Squires
22:21 Gambesons
21:57 Man-at-Arms
21:58 Pikeman
22:37 Gold Mining
23:37 Horse Collar
24:19 Fervor
26:08 Stone Shaft Mining
25:45 Double-Bit Axe
27:11 Town Watch
28:35 Heavy Plow
30:01 Long Swordsman
33:29 Wheelbarrow
37:25 Imperial Age
36:31 Scale Barding Armor
36:38 Forging
36:29 Scale Mail Armor
36:20 Fletching
36:54 Ironclad
38:15 Chain Mail Armor
38:37 Iron Casting
38:23 Chain Barding Armor
38:00 Bodkin Arrow
38:24 Hand Cart
38:11 Town Patrol
39:36 Crop Rotation
38:45 Halberdier
38:45 Two-Handed Swordsman
39:52 Conscription
40:23 Bow Saw
39:57 Champion
40:38 Cavalier
41:55 Hoardings
42:45 Onager
49:39 Plate Barding Armor
50:05 Blast Furnace
49:36 Plate Mail Armor
58:01 Paladin
60:54 Caravan
69:15 Coinage
68:55 Guilds
Bhramos
8:55 Loom
12:07 Feudal Age
13:42 Double-Bit Axe
15:34 Bloodlines
15:39 Bloodlines
16:12 Horse Collar
21:47 Castle Age
22:08 Scale Barding Armor
25:27 Bow Saw
25:25 Gold Mining
25:26 Stone Mining
26:17 Husbandry
29:03 Fletching
29:15 Padded Archer Armor
29:32 Heavy Plow
40:51 Imperial Age
40:02 Wheelbarrow
41:37 Chain Barding Armor
41:13 Bodkin Arrow
41:52 Hand Cart
41:02 Cavalier
41:54 Corvinian Army
42:00 Recurve Bow
44:53 Conscription
49:06 Ballistics
49:47 Chemistry
48:28 Treadmill Crane
50:20 Parthian Tactics
49:18 Heavy Cavalry Archer
50:04 Thumb Ring
50:04 Bracer
50:40 Plate Barding Armor
52:35 Corvinian Army
59:14 Leather Archer Armor
62:47 Elite Magyar Huszar
64:32 Caravan
66:27 Coinage
68:54 Two-Man Saw
69:27 Ring Archer Armor
eppas123
FrankieFunk
16:57 Feudal Age
17:53 Arson
18:02 Double-Bit Axe
18:13 Gold Mining
23:17 Fletching
23:41 Forging
26:50 Padded Archer Armor
28:22 Stone Mining
29:19 Horse Collar
30:44 Wheelbarrow
35:02 Castle Age
35:14 Loom
35:08 Crossbowman
36:01 Thumb Ring
36:00 Bodkin Arrow
36:27 Bow Saw
36:58 Squires
36:22 Elite Skirmisher
38:25 Heavy Plow
38:53 Leather Archer Armor
40:16 Gold Shaft Mining
44:18 Hand Cart
45:23 Iron Casting
45:09 Pikeman
51:02 Imperial Age
48:54 Scale Barding Armor
51:09 Arbalester
51:56 Bracer
53:10 Chemistry
53:53 Ring Archer Armor
57:06 Conscription
ageatope
13:34 Feudal Age
13:08 Loom
14:54 Gold Mining
15:33 Double-Bit Axe
19:52 Castle Age
18:12 Horse Collar
18:44 Forging
21:05 Pikeman
23:16 Medium Warships
24:24 Bow Saw
26:12 Iron Casting
25:07 Crossbowman
26:12 Heavy Plow
26:32 Thumb Ring
28:25 Town Watch
34:34 Squires
40:13 Wheelbarrow
39:41 Town Patrol
44:38 Imperial Age
42:38 Ballistics
42:26 Scale Mail Armor
42:16 Fletching
44:36 Hand Cart
44:19 Bodkin Arrow
46:32 Chemistry
44:57 Elite Fire Lancer
45:56 Chain Mail Armor
45:31 Arson
45:06 Halberdier
50:04 Elite Skirmisher
58:25 Plate Mail Armor
64:43 Bracer
64:48 Murder Holes
68:58 Scale Barding Armor
KNoS
Indekeik
7:00 Loom
16:32 Feudal Age
17:38 Double-Bit Axe
17:35 Horse Collar
17:44 Arson
19:02 Wheelbarrow
29:26 Gold Mining
29:30 Stone Mining
36:11 Castle Age
36:43 Scale Barding Armor
36:48 Forging
37:09 Hand Cart
37:02 Caravan
40:22 Husbandry
50:35 Imperial Age
49:31 Chain Barding Armor
49:49 Iron Casting
50:54 Heavy Plow
51:01 Heavy Camel Rider
52:23 Plate Barding Armor
52:20 Bow Saw
54:06 Crop Rotation
54:16 Gold Shaft Mining
Connection lost

Rejoining the realm…

Still unreachable

The connection could not be restored.

Session expired

The server has moved on; the page needs a fresh start.